 Dungeon Crawl Stone Soup version 0.29-a0-994-gc5c9f59d18 (webtiles) character file.

Game seed: 17702241887690725182

112 RevDB the Magician (level 4, -1/24 HPs)
             Began as a Deep Elf Conjurer on Aug 2, 2022.
             Slain by Ijyb
             ... wielding a +0 club
              (4 damage)
             ... on level 4 of the Dungeon on Aug 3, 2022.
             The game lasted 00:15:58 (2872 turns).

RevDB the Magician (Deep Elf Conjurer)              Turns: 2872, Time: 00:15:59

Health: -1/24      AC:  5    Str:  4    XL:     4   Next: 63%
Magic:  8/14       EV: 12    Int: 25    God:
Gold:   208        SH:  0    Dex: 13    Spells: 12/15 levels left

rFire   . . .      SeeInvis +   p - +4 short sword
rCold   . . .      Faith    .   (no shield)
rNeg    . . .      Spirit   .   a - +0 robe
rPois   .          Reflect  .   w - +0 helmet {SInv}
rElec   .          Harm     .   c - +0 cloak
rCorr   .          Rampage  .   t - +0 pair of gloves
Will    .....                   (no boots)
Stlth   ++........              (no amulet)
HPRegen 0.08/turn               (no ring)
MPRegen 0.14/turn               (no ring)

@: no status effects
A: no striking features
a: no special abilities


You were on level 4 of the Dungeon.
You visited 1 branch of the dungeon, and saw 4 of its levels.

You collected 208 gold pieces.

Inventory:

Hand Weapons
 p - a +4 short sword (weapon)
 u - a +2 short sword of holy wrath
Armour
 a - a +0 robe (worn)
 c - a +0 cloak (worn)
 t - a +0 pair of gloves (worn)
 w - a +0 helmet of see invisible (worn)
Wands
 m - a wand of charming (6)
Scrolls
 d - 5 scrolls of teleportation
 g - a scroll of vulnerability {unknown}
 h - 2 scrolls of identify {unknown}
 i - 2 scrolls of immolation {unknown}
 l - a scroll of enchant weapon {unknown}
 s - a scroll of brand weapon {unknown}
 v - a scroll of fear {unknown}
Potions
 b - 2 potions of magic
 e - a potion of ambrosia {unknown}
 f - a potion of cancellation {unknown}
 j - a potion of degeneration {unknown}
 k - 2 potions of heal wounds {unknown}
 n - a potion of might {unknown}
 o - 2 potions of curing {unknown}
 q - 2 potions of attraction {unknown}
 r - a potion of mutation {unknown}


   Skills:
 + Level 2.6 Dodging
 - Level 2.4 Stealth
 - Level 6.0 Spellcasting
 - Level 5.0 Conjurations


You had 12 spell levels left.
You knew the following spells:

 Your Spells              Type           Power      Damage    Failure   Level
a - Magic Dart            Conj           100%       1d8       1%          1
b - Searing Ray           Conj           64%        2d6       1%          2

Your spell library contained the following spells:

 Spells                   Type           Power      Damage    Failure   Level
 Dazzling Flash           Conj/Hex       40%        N/A       8%          3
 Stone Arrow              Conj/Erth      40%        3d9       8%          3
 Call Imp                 Summ           7%         N/A       11%         2
 Mephitic Cloud           Conj/Pois/Air  15%        N/A       12%         3
 Fulminant Prism          Conj/Hex       10%        3d9       26%         4
 Iskenderun's Mystic Bla  Conj/Tloc      20%        2d6       26%         4
 Animate Armour           Summ/Erth      14%        N/A       58%         4
 Lehudib's Crystal Spear  Conj/Erth      10%        10d4      100%        8


Dungeon Overview and Level Annotations

Branches:
Dungeon (4/15)
 Temple: D:4-7

Altars:
Vehumet
Wu Jian

Annotations:
D:4 Ijyb


Message History

Ijyb zaps a wand.
Your will is overpowered!
You are more confused.
The now-empty wand crumbles to dust.
The hobgoblin hits you. Ijyb hits you but does no damage.
You are too confused!
You bump into the rock wall.
Ijyb hits you with a +0 club. The hobgoblin closely misses you.
You closely miss Ijyb. Ijyb screams, "I no like you!" Ijyb barely misses you.
The hobgoblin closely misses you.
You miss Ijyb. Ijyb hits you but does no damage.
The hobgoblin closely misses you.
You completely miss Ijyb. Ijyb hits you with a +0 club.
The hobgoblin barely misses you.
You bump into the rock wall.
Ijyb hits you with a +0 club.
* * * LOW HITPOINT WARNING * * *
The hobgoblin hits you.
* * * LOW HITPOINT WARNING * * *
You bump into the rock wall.
Ijyb hits you but does no damage. The hobgoblin barely misses you.
You bump into the rock wall.
Ijyb closely misses you. The hobgoblin hits you.
* * * LOW HITPOINT WARNING * * *
You barely miss Ijyb. Ijyb hits you but does no damage.
The hobgoblin barely misses you.
You puncture Ijyb!
Ijyb is moderately wounded.
Ijyb hits you but does no damage. The hobgoblin completely misses you.
You barely miss the hobgoblin. Ijyb hits you with a +0 club.
* * * LOW HITPOINT WARNING * * *
The hobgoblin closely misses you.
You hit Ijyb.
Ijyb is heavily wounded.
Ijyb hits you with a +0 club.
* * * LOW HITPOINT WARNING * * *
The hobgoblin hits you but does no damage.
You hit Ijyb but do no damage.
Ijyb is heavily wounded.
You feel less confused. Ijyb hits you with a +0 club.
You die...

#...#
+...########
#..)#......#
#...#......#+#
####.............
..#...).$.......
#.#......?......
##g#.............
#@g'.............
####...........?.
#.##..........
....+..........
#.###.#..........
# .#..........
##g........
#.####### .#


You could see Ijyb and a hobgoblin.

Vanquished Creatures
  A hound (D:4)
  An adder (D:2)
  3 worms
  A dart slug (D:3)
  An orc (D:3)
  4 bats
  7 endoplasms
  2 giant cockroaches (D:2)
  8 goblins
  8 hobgoblins
  4 quokkas
  6 ball pythons
  6 kobolds
  6 rats
58 creatures vanquished.

Notes
Turn   | Place    | Note
-------+----------+-------------------------------------------
     0 | D:1      | RevDB the Deep Elf Conjurer began the quest for the Orb.
     0 | D:1      | Reached XP level 1. HP: 10/10 MP: 6/6
   184 | D:1      | Reached XP level 2. HP: 15/15 MP: 4/8
   192 | D:1      | Learned a level 2 spell: Searing Ray
   205 | D:1      | Reached skill level 5 in Conjurations
   444 | D:1      | Found a faded altar of an unknown god.
   678 | D:1      | Reached skill level 4 in Spellcasting
   865 | D:2      | Reached XP level 3. HP: 19/19 MP: 8/10
  1688 | D:3      | Found an ornate altar of the Wu Jian Council.
  1721 | D:3      | Reached skill level 5 in Spellcasting
  2512 | D:3      | Reached XP level 4. HP: 24/24 MP: 10/13
  2633 | D:3      | Found a radiant altar of Vehumet.
  2824 | D:4      | Upgraded the game from 0.29-a0-993-g4a18f31a58 to
                  | 0.29-a0-994-gc5c9f59d18
  2831 | D:4      | Noticed Ijyb
  2841 | D:4      | Reached skill level 6 in Spellcasting
  2872 | D:4      | Slain by Ijyb

Illustrated notes

Levels and vault maps discovered:
D:1:      dpeg_arrival_more_subterranean_lakeside_camping, layout_loops_cross,
          ebering_ecumenical_altar_box, chequers_serial_rivers_small_3,
          minmay_shallow_snake_nest
D:2:      layout_basic
D:3:      layout_basic, nicolae_vehumet_altar_sigil,
          nicolae_wu_jian_wuxing_cycle, kennysheep_another_room
D:4:      layout_basic, lemuel_crystal_altar, uniq_ijyb

Skill      XL: |  1  2  3  4 |
---------------+-------------+-----
Conjurations   | 5 |  5.0
Spellcasting   | 4 5 6 |  6.0
Dodging        | |  2.6
Stealth        | |  2.4

Action                   |  1- 3 |  4- 6 || total
-------------------------+-------+-------++-------
Melee: Unarmed           |     3 |       ||     3
       Short sword       |     8 |    17 ||    25
 Cast: Magic Dart        |    86 |    13 ||    99
       Searing Ray       |     1 |     1 ||     2
  Use: Scroll            |       |     1 ||     1
 Stab: Sleeping          |     1 |       ||     1
Armor: Robe              |     2 |    12 ||    14
Dodge: Dodged            |     9 |    24 ||    33

Table legend: (Time is in decaauts)
 A = Elapsed time spent in this place.
 B = Non-inter-level travel time spent in this place.
 C = Inter-level travel time spent in this place.
 D = Time resting spent in this place.
 E = Time spent auto-exploring this place.
 F = Levels seen in this place.
 G = Mean time per level.
                   A        B        C        D        E       F      G
               +--------+--------+--------+--------+--------+-----+--------+
         Total |   2880 |   2781 |     99 |    310 |   1232 |   4 |  720.0 |
       Dungeon |   2880 |   2781 |     99 |    310 |   1232 |   4 |  720.0 |
               +--------+--------+--------+--------+--------+-----+--------+

Top non-repeatable levels by time:
     D:3: 1136 daAuts
     D:2: 857 daAuts
     D:1: 812 daAuts
     D:4: 74 daAuts
